 Dungeon Crawl Stone Soup version 0.25-a0-730-g633e9c3c14 (webtiles) character file.

Game seed: 2926948700086183308, levelgen mode: deterministic

512 MisterFreud the Changer (level 7, -1/44 HPs)
             Began as an Octopode Transmuter on Apr 7, 2020.
             Was an Initiate of Cheibriados.
             Killed from afar by an orc wizard (7 damage)
             ... with a puff of frost
             ... on level 4 of the Dungeon.
             The game lasted 00:12:32 (4444 turns).

MisterFreud the Changer (Octopode Transmuter)       Turns: 4444, Time: 00:12:32

Health: -1/44      AC:  4    Str: 10    XL:     7   Next: 19%
Magic:  17/20      EV: 14    Int: 19    God:    Cheibriados [......]
Gold:   11         SH:  5    Dex: 13    Spells: 6/12 levels left

rFire    . . .     SeeInvis .     - Unarmed
rCold    . . .     Gourm    .   k - +0 buckler
rNeg     . . .     Faith    .   (helmet restricted)
rPois    .         Spirit   .   (no amulet)
rElec    .         Reflect  .   i - ring of magical power
rCorr    .         Harm     .   x - +1 ring of protection
MR       .....                  A - +2 ring of protection
Stlth    ++........             (no ring)
HPRegen  0.14/turn              (no ring)
MPRegen  0.17/turn              (no ring)
                                (no ring)
                                (no ring)

@: very slightly contaminated, very slow
A: almost no armour, stealthy swim, amphibious, 8 rings, constrict 8, camouflage
1, gelatinous body 1
a: Bend Time, Renounce Religion


You were on level 4 of the Dungeon.
You worshipped Cheibriados.
Cheibriados was noncommittal.
You were not hungry.

You visited 1 branch of the dungeon, and saw 4 of its levels.

You collected 221 gold pieces.
You spent 210 gold pieces at shops.

Inventory:

Missiles
 a - 20 arrows
 d - 19 poisoned darts (quivered)
 e - 118 stones
 h - 42 bolts
 r - 5 boomerangs
 u - 27 sling bullets
Armour
 k - a +0 buckler (worn)
Jewellery
 i - a ring of magical power (left tentacle)
 x - a +1 ring of protection (right tentacle)
 A - a +2 ring of protection (on tentacle)
Scrolls
 b - a scroll of teleportation {unknown}
 f - a scroll of fog {unknown}
 n - a scroll of blinking {unknown}
 o - a scroll of magic mapping {unknown}
 p - 2 scrolls of remove curse
 w - 3 scrolls of immolation {unknown}
 y - a scroll of fear {unknown}
 B - a scroll of random uselessness {unknown}
 C - 2 scrolls of amnesia {unknown}
Potions
 g - a potion of haste {unknown}
 j - a potion of cancellation
 m - a potion of flight
 q - a potion of might {unknown}
 s - 5 potions of curing {unknown}
 t - a potion of heal wounds {unknown}
 v - a potion of mutation {unknown}
Comestibles
 c - 6 rations
 z - 2 chunks of flesh


   Skills:
 + Level 1.8 Fighting
 + Level 2.4 Dodging
 - Level 4.0 Shields
 + Level 3.3 Unarmed Combat
 - Level 3.1 Spellcasting
 - Level 5.0 Transmutations


You had 6 spell levels left.
You knew the following spells:

 Your Spells              Type           Power        Failure   Level  Hunger
a - Beastly Appendage     Tmut           ###...       1%          1    None
b - Sticks to Snakes      Tmut           ###.....     3%          2    ##.....
c - Spider Form           Tmut/Pois      ##........   16%         3    ###....

Your spell library contained the following spells:

 Spells                   Type           Power        Failure   Level  Hunger
 Ice Form                 Ice/Tmut       ##......     47%         4    ####...
 Blade Hands              Tmut           ###.......   47%         5    ######.


Dungeon Overview and Level Annotations

Branches:
Dungeon (4/15)
 Temple: D:4-7

Altars:
Ashenzari
Cheibriados
Fedhas
Gozag
Kikubaaqudgha
Okawaru
Xom
Zin

Shops:
D:4 *

Annotations:
D:4 Sigmund


Innate Abilities, Weirdness & Mutations

You cannot wear most types of armour.
You are very stealthy in the water. (Stealth+)
You are amphibious.
You can wear up to eight rings at the same time.
You can use your tentacles to constrict eight enemies at once.
Your skin changes colour to match your surroundings (Stealth+).
Your rubbery body absorbs attacks. (AC +1, EV +1)


Message History

The orc wizard closely misses you.
You hit the orc wizard but do no damage.
The orc wizard looks as sick as possible!
The orc wizard is lightly wounded.
The orc wizard completely misses you. The orc hits you but does no damage.
The orc wizard closely misses you.
You hit the orc.
The orc is heavily wounded.
The orc wizard gestures wildly while chanting.
The orc wizard seems to speed up.
The orc barely misses you.
Your transformation has ended.
Your +0 buckler unmelds from your body.
The orc wizard points at you and mumbles some strange words.
The puff of frost hits you.
* * * LOW HITPOINT WARNING * * *
The orc wizard casts a cantrip, but nothing happens.
The orc throws a stone.
The stone hits you but does no damage.
The orc wizard points at you and mumbles some strange words.
The puff of frost hits you!
You die...

.........##...##
.##...####.....#
.###....#......### ≈≈
..###..###.......# ≈≈≈
#................# ≈≈≈≈
###..####........####≈≈≈≈
###....#..###.....#..≈≈≈≈
..#.......+ +.....#.≈≈≈≈≈
.....#....###...@.o.≈≈≈o≈
....##............o.≈≈≈≈.
...###............o.≈≈≈≈.#.
...# #..........(...≈≈≈≈...
...###..............≈≈≈≈≈..
#............(.....>≈≈≈≈≈..
#...........(..(.....≈≈≈≈.#
##..............>....≈≈≈≈≈#
##................>..≈≈≈≈≈.


You could see 2 orc wizards and 2 orcs.

Vanquished Creatures
  2 howler monkeys (D:4)
  A hound (D:4)
  4 orc priests
  4 orc wizards
  An iguana (D:4)
  5 adders
  2 oozes
  3 worms
  3 dart slugs
  2 leopard geckos
  11 orcs
  7 giant cockroaches
  8 hobgoblins
  6 jackals
  3 quokkas
  2 ball pythons (D:2)
  7 bats
  8 frilled lizards
  6 goblins
  10 kobolds
  4 rats
99 creatures vanquished.

Notes
Turn   | Place    | Note
-------+----------+-------------------------------------------
     0 | D:1      | MisterFreud the Octopode Transmuter began the quest for the
                  | Orb.
     0 | D:1      | Reached XP level 1. HP: 13/13 MP: 3/3
   204 | D:1      | Reached XP level 2. HP: 13/18 MP: 3/5
   274 | D:1      | Learned a level 2 spell: Sticks to Snakes
   839 | D:1      | Reached skill level 3 in Transmutations
   858 | D:1      | Reached XP level 3. HP: 21/23 MP: 6/6
  1467 | D:2      | Found a shattered altar of Ashenzari.
  1729 | D:2      | Learned a level 3 spell: Spider Form
  2063 | D:2      | Reached XP level 4. HP: 23/28 MP: 8/8
  2513 | D:2      | Found a shimmering altar of Xom.
  2516 | D:2      | Found an iron altar of Okawaru.
  2519 | D:2      | Found an ancient bone altar of Kikubaaqudgha.
  2522 | D:2      | Found a blossoming altar of Fedhas.
  2595 | D:2      | Found a glowing silver altar of Zin.
  2769 | D:3      | Reached skill level 4 in Transmutations
  2800 | D:3      | Reached XP level 5. HP: 28/33 MP: 9/9
  3038 | D:3      | Found an opulent altar of Gozag.
  3159 | D:4      | Reached skill level 5 in Transmutations
  3228 | D:4      | Reached skill level 1 in Shields
  3342 | D:4      | Reached XP level 6. HP: 26/38 MP: 10/10
  4006 | D:3      | Found a snail-covered altar of Cheibriados.
  4020 | D:3      | Became a worshipper of Cheibriados the Contemplative
  4196 | D:4      | Found Kytun's Assorted Antiques.
  4204 | D:4      | Bought a ring of protection for 54 gold pieces
  4210 | D:4      | Bought a bubbling silvery potion for 24 gold pieces
  4210 | D:4      | Bought a metallic golden potion for 24 gold pieces
  4210 | D:4      | Bought a scroll labeled ZADUPO DEUSHO for 27 gold pieces
  4210 | D:4      | Bought a scroll labeled HIHIL YGILURGHY for 27 gold pieces
  4210 | D:4      | Bought a scroll labeled QOUTON FEMI for 27 gold pieces
  4240 | D:4      | Bought a scroll labeled QOUTON FEMI for 27 gold pieces
  4275 | D:4      | Noticed Sigmund
  4283 | D:4      | Reached XP level 7. HP: 28/43 MP: 11/11
  4444 | D:4      | Killed from afar by an orc wizard

Levels and vault maps discovered:
D:1:      dpeg_arrival_arbitrary_a, layout_basic
D:2:      minmay_alternating_diamond, layout_loops_ring,
          evilmike_ruin_ashenzari, grunt_temple_overflow_cloverleaf,
          zin_treasury
D:3:      layout_loops_ring, grunt_gozag_statues, kennysheep_slug_shrine
D:4:      wander_river, layout_cave_pools, yredelemnul_forgotten_temple_becter,
          kennysheep_mini_moat, serial_shops, nicolae_shop_crystal,
          uniq_blork_the_orc, uniq_ijyb, uniq_sigmund

Skill      XL: |  1  2  3  4  5  6 |
---------------+-------------------+-----
Transmutations | 3 4 5 |  5.0
Spellcasting   | 3 |  3.1
Shields        | 2 4 |  4.0
Fighting       | |  1.8
Dodging        | |  2.4
Unarmed Combat | |  3.3

Action                   |  1- 3 |  4- 6 |  7- 9 || total
-------------------------+-------+-------+-------++-------
Melee: Unarmed           |   114 |   155 |    19 ||   288
       Constrict         |    30 |    18 |     1 ||    49
       Kick              |     3 |       |       ||     3
       Tentacles         |    10 |    16 |     1 ||    27
       Punch             |     4 |     3 |       ||     7
Throw: Dart              |       |     2 |       ||     2
 Cast: Beastly Appendage |     1 |       |       ||     1
       Spider Form       |     1 |    12 |     1 ||    14
  Use: Scroll            |       |     4 |       ||     4
 Stab: Sleeping          |     1 |     4 |       ||     5
  Eat: Chunk             |     4 |     8 |     1 ||    13
Armor: Skin              |    11 |    11 |     6 ||    28
Dodge: Dodged            |    70 |   121 |    27 ||   218
Block: Buckler           |       |     5 |     1 ||     6

Table legend:
 A = Non-vault XP
 B = Vault XP
 C = Vault XP percentage of total XP
 D = Non-vault monster count
 E = Vault monster count
 F = Vault count percentage of total count
                 A         B        C        D         E       F
            +---------+---------+-------+---------+---------+-------
      Total |     722 |      10 |   1.4 |      95 |       4 |   4.0
            +---------+---------+-------+---------+---------+-------
        D:1 |      51 |       0 |   0.0 |      28 |       0 |   0.0
        D:2 |      63 |       6 |   8.7 |      21 |       3 |  12.5
        D:3 |     284 |       4 |   1.4 |      27 |       1 |   3.6
        D:4 |     324 |       0 |   0.0 |      19 |       0 |   0.0
            +---------+---------+-------+---------+---------+-------
